 Dungeon Crawl Stone Soup version 0.22-a0-815-gb582571 (webtiles) character file.

93 zishaf the Sneak (level 4, 0/28 HPs)
             Began as a Kobold Assassin on July 23, 2018.
             Succumbed to an adder's poison
             ... on level 2 of the Dungeon.
             The game lasted 00:03:27 (1997 turns).

zishaf the Sneak (Kobold Assassin)                  Turns: 1997, Time: 00:03:27

Health: 0/28       AC:  4    Str: 14    XL:     4   Next: 91%
Magic:  4/4        EV: 15    Int: 12    God:
Gold:   114        SH:  0    Dex: 16    Spells: 3/3 levels left

rFire    . . .     SeeInvis .   a - +2 dagger
rCold    . . .     Gourm    .   (shield restricted)
rNeg     . . .     Faith    .   k - +0 leather armour
rPois    .         Spirit   .   (no helmet)
rElec    .         Reflect  .   d - +0 cloak
rCorr    .         Harm     .   (no gloves)
MR       .....                  (no boots)
Stlth    +++.......             (no amulet)
HPRegen  0.09/turn              (no ring)
MPRegen  0.09/turn              (no ring)

@: mighty, lethally poisoned (0 -> -3), hasted, very quick
A: small, carnivore
a: no special abilities


You were on level 2 of the Dungeon.
You were completely stuffed.

You visited 1 branch of the dungeon, and saw 2 of its levels.

You collected 114 gold pieces.

Inventory:

Hand Weapons
 a - a +2 dagger (weapon)
 b - a +0 blowgun
 s - a +0 dagger of holy wrath
Missiles
 e - 21 poisoned needles
 f - 2 curare-tipped needles
 h - 8 tomahawks (quivered)
Armour
 d - a +0 cloak (worn)
 k - a +0 leather armour (worn)
Wands
 u - a wand of flame (23)
Scrolls
 c - a scroll of enchant weapon {unknown}
 j - 2 scrolls of fear {unknown}
 l - 4 scrolls of remove curse {unknown}
 n - 4 scrolls of teleportation {unknown}
 p - 2 scrolls of identify {unknown}
 q - a scroll of blinking {unknown}
 r - a scroll of magic mapping {unknown}
 t - a scroll of noise {unknown}
Potions
 i - a potion of might
 m - a potion of haste
Comestibles
 g - 4 rations


   Skills:
 + Level 3.0 Fighting
 + Level 3.7 Short Blades
 + Level 3.0 Throwing
 + Level 2.4 Dodging
 - Level 6.0 Stealth


You had 3 spell levels left.
You didn't know any spells.
Your spell library was empty.

Dungeon Overview and Level Annotations

Branches:
Dungeon (2/15)

Altars:
Dithmenos


Innate Abilities, Weirdness & Mutations

You are small and have problems with some larger weapons.
You are carnivorous and can eat meat at any time.


Message History

You open the door.
* * * LOW HITPOINT WARNING * * *
You feel sick.
There is an open door here.
A frilled lizard comes into view.
* * * LOW HITPOINT WARNING * * *
You feel sick.
You see here 8 gold pieces.
Unknown command.
The helpless frilled lizard fails to defend itself.
You spit the frilled lizard like a pig!!!
You kill the frilled lizard!
* * * LOW HITPOINT WARNING * * *
You feel sick.
You see here a scroll labeled VUGAEP TIVAUVO.
You open the door.
There is an open door here.
* * * LOW HITPOINT WARNING * * *
You feel sick.
You die...

♣♣♣# #+## .♣...###
##...## ♣......##
##.....## ♣......##
##.......##
#...####..$......##
#......'?........+.
#...####.........##
#..## ##.......##
### ##@# ##.....##
#.# #.# ##...## #.#
#.# ##'## #.# #.#
#.# #####.# #!# #.#
......# #.# ##.##
####### ..# ##...##
# ### ##.....#### #
#..(.........


There were no monsters in sight!

Vanquished Creatures
  A gnoll (D:1)
  4 adders (D:2)
  A dart slug (D:2)
  2 worms (D:2)
  8 goblins
  2 hobgoblins
  8 jackals
  5 kobolds
  A quokka (D:2)
  2 bats
  7 frilled lizards
  A rat (D:1)
42 creatures vanquished.

Notes
Turn   | Place    | Note
-------+----------+-------------------------------------------
     0 | D:1      | zishaf the Kobold Assassin began the quest for the Orb.
     0 | D:1      | Reached XP level 1. HP: 12/12 MP: 1/1
    72 | D:1      | Reached XP level 2. HP: 13/18 MP: 2/2
   607 | D:1      | Reached XP level 3. HP: 14/22 MP: 3/3
  1379 | D:2      | Reached XP level 4. HP: 20/27 MP: 4/4
  1552 | D:2      | Found a shadowy altar of Dithmenos.
  1968 | D:2      | Reached skill level 6 in Stealth
  1985 | D:2      | HP: 1/28 [poisoned by an adder]
  1991 | D:2      | HP: 1/28 [poisoned by an adder]
  1997 | D:2      | Succumbed to an adder's poison

Vault maps used:
D:1:      dpeg_arrival_solitude
D:2:      minmay_hexomino_r4, uniq_crazy_yiuf_cottage

Skill      XL: |  1  2  3  4 |
---------------+-------------+-----
Short Blades   | 3 |  3.7
Dodging        | 2 |  2.4
Fighting       | 3 |  3.0
Throwing       | 3 |  3.0
Stealth        | 6 |  6.0

Action                   |  1- 3 |  4- 6 || total
-------------------------+-------+-------++-------
Melee: Dagger            |   116 |    52 ||   168
 Fire: Blowgun           |       |    20 ||    20
  Use: Potion            |       |     3 ||     3
 Stab: Sleeping          |     9 |     1 ||    10
  Eat: Chunk             |    10 |     2 ||    12
Armor: Robe              |     4 |       ||     4
       Leather armour    |    21 |    18 ||    39
Dodge: Dodged            |    75 |    65 ||   140

Table legend:
 A = Spawn XP
 B = Non-spawn XP
 C = Spawn XP percentage of total XP
 D = Spawn monster count
 E = Non-spawn monster count
 F = Spawn count percentage of total count
 G = Total turns spent on level
                    A         B        C        D         E        F      G
               +---------+---------+-------+---------+---------+-------+---------
         Total |       0 |     133 |   0.0 |       0 |      42 |   0.0 |  1997
               +---------+---------+-------+---------+---------+-------+---------
           D:1 |       0 |      41 |   0.0 |       0 |      17 |   0.0 |   814
           D:2 |       0 |      92 |   0.0 |       0 |      25 |   0.0 |  1183
               +---------+---------+-------+---------+---------+-------+---------
